 Dungeon Crawl Stone Soup version 0.20-b1-24-gb21faa7 (webtiles) character file.

3141 Hailrake the Spear-Bearer (level 9, 0/71 HPs)
             Began as a Merfolk Berserker on May 25, 2017.
             Was a High Priest of Trog.
             Slain by a wight
             ... wielding a +6 trident
              (2 damage)
             ... on level 7 of the Dungeon.
             The game lasted 00:29:32 (7510 turns).

Hailrake the Spear-Bearer (Merfolk Berserker)       Turns: 7510, Time: 00:29:33

Health: 0/71       AC:  9    Str: 17 (19) XL:     9   Next: 93%
Magic:  0/9        EV: 13    Int:  6 (7)  God:    Trog [*****.]
Gold:   294        SH:  0    Dex: 12 (14) Spells: 8/8 levels left

rFire    . . .     SeeInvis .   p - +0 scythe
rCold    + . .     Gourm    .   (shield currently unavailable)
rNeg     . . .     Faith    .   t - +0 ring mail
rPois    .         Spirit   +   w - +0 helmet
rElec    .         Reflect  .   H - scarf {Spirit}
rCorr    .         Harm     .   (no gloves)
MR       .....                  n - +0 pair of boots
Stlth    +.........             (no amulet)
Regen    0.3/turn               f - +2 ring of protection
MPRegen  0.2/turn               v - ring of protection from cold

@: berserk cooldown, starving, heavily drained
A: change form in water, swift swim, stealthy swim
a: Berserk, Trog's Hand, Brothers in Arms, Burn Spellbooks, Renounce Religion


You were on level 7 of the Dungeon.
You worshipped Trog.
Trog was extremely pleased with you.
You were starving.

You visited 1 branch of the dungeon, and saw 7 of its levels.
You also visited: Ossuary.

You collected 294 gold pieces.

Inventory:

Hand Weapons
 a - a +0 spear
 p - a +0 scythe (weapon)
Armour
 b - a +0 animal skin
 n - a +0 pair of boots (worn)
 t - a +0 ring mail (worn)
 w - a +0 helmet (worn)
 H - a scarf of spirit shield (worn)
Jewellery
 f - a +2 ring of protection (left hand)
 v - a ring of protection from cold (right hand)
Wands
 o - a wand of clouds (5/9)
 A - a wand of acid (5/15)
 G - a wand of flame (20/48)
Scrolls
 e - a scroll of random uselessness {unknown}
 h - 2 scrolls of remove curse
 i - 4 scrolls of immolation
 k - 3 scrolls of teleportation
 m - 3 scrolls of recharging
 x - 2 scrolls of amnesia {unknown}
 y - a scroll of enchant armour {unknown}
 B - a scroll of enchant weapon {unknown}
 D - a scroll of magic mapping {unknown}
Potions
 g - 2 potions of agility {unknown}
 j - a potion of ambrosia {unknown}
 l - a potion of degeneration
 q - 2 potions of heal wounds {unknown}
 r - a potion of might {unknown}
 s - 4 potions of mutation
 u - 3 potions of lignification {unknown}
 z - a potion of brilliance {unknown}
 E - a potion of haste {unknown}


   Skills:
 * Level 6.8(5.1) Fighting
 * Level 13.4(11.4) Polearms
 * Level 4.5(3.0) Armour
 * Level 7.4(5.7) Dodging
 - Level 2.0(0.5) Stealth


You had 8 spell levels left.
You didn't know any spells.

Dungeon Overview and Level Annotations

Branches:
Dungeon (7/15)
 Temple: D:4-7

Altars:
Ashenzari
Makhleb
Xom

Annotations:
D:3 2 transporters


Message History

* * * LOW HITPOINT WARNING * * *
The wight hits you with an enchanted trident.
* * * LOW HITPOINT WARNING * * *
You barely miss the wight.
You feel yourself speed up. The wight barely misses you.
You barely miss the wight. The wight barely misses you.
The wight closely misses you.
You closely miss the wight.
The wight hits you with an enchanted trident.
* * * LOW HITPOINT WARNING * * *
It was a potion of degeneration.
There was something very wrong with that liquid.
You feel weakened.
You feel dopey.
You feel clumsy.
The wight hits you with an enchanted trident.
* * * LOW HITPOINT WARNING * * *
You hit the wight but do no damage. The wight hits you but does no damage.
You barely miss the wight.
The wight hits you with an enchanted trident.
You die...

##..## #.## ##..# #..#
#..## ##..# ###..##
#..## ###.....## #..#
..#####........####.##
.......<.(......#)...#
..>....((.(.........##
.........@.(........#
..........z..(....####
###..............#...#
#####..#...........#
########.......# .#
#........# ..#
##z.......# #..##
#.........# #...#
#.........#


You could see a wight.

Vanquished Creatures
  The ghost of miragecloak the Insei, a novice OpTm of Ashenzari (Ossuary)
  Sigmund (D:2)
  A hungry ghost (D:6)
  Menkaure (D:5)
  Edmund (D:6)
  2 ice beasts
  3 ogres
  3 phantoms
  2 centaurs
  2 bullfrogs (D:6)
  5 water moccasin zombies (Ossuary)
  A scorpion (D:4)
  2 wights
  2 howler monkeys (D:7)
  A centaur zombie (D:5)
  A crimson imp (D:6)
  4 hounds
  6 orc wizards
  A bullfrog skeleton (D:5)
  An orc priest (D:6)
  5 worker ants
  Terence (D:2)
  Natasha (twice) (D:2)
  2 big kobold zombies (Ossuary)
  3 mummies
  Robin (D:2)
  7 adders
  3 gnolls (D:4)
  2 shadow imps
  3 oozes (D:4)
  7 adder zombies (Ossuary)
  An adder skeleton (D:7)
  5 worms
  A dart slug (D:2)
  2 leopard geckos
  11 orcs
  4 bats
  5 giant cockroaches
  5 gnoll zombies (Ossuary)
  12 goblins
  10 hobgoblins
  10 jackals
  5 quokkas
  6 frilled lizards
  A giant cockroach zombie (D:5)
  2 hobgoblin zombies (Ossuary)
  A jackal skeleton (D:4)
  6 kobolds
  A leopard gecko skeleton (D:4)
  4 orc zombies (Ossuary)
  7 rats
176 creatures vanquished.

Vanquished Creatures (collateral kills)
  A wight (D:7)
1 creature vanquished.

Grand Total: 177 creatures vanquished

Notes
Turn   | Place    | Note
-------+----------+-------------------------------------------
     0 | D:1      | Hailrake the Merfolk Berserker began the quest for the Orb.
     0 | D:1      | Reached XP level 1. HP: 18/18 MP: 1/1
   224 | D:1      | Reached XP level 2. HP: 20/24 MP: 2/2
   301 | D:1      | Reached skill level 5 in Polearms
  1113 | D:2      | Reached XP level 3. HP: 29/29 MP: 3/3
  1133 | D:2      | Noticed Sigmund
  1142 | D:2      | Killed Sigmund
  1142 | D:2      | Reached skill level 6 in Polearms
  1142 | D:2      | Reached skill level 1 in Stealth
  1142 | D:2      | Reached XP level 4. HP: 21/37 MP: 4/4
  1142 | D:2      | Reached XP level 5. HP: 24/42 MP: 5/5
  1559 | D:2      | Noticed Robin
  1592 | D:2      | Killed Robin
  1616 | D:2      | Reached skill level 5 in Dodging
  1622 | D:2      | Reached XP level 6. HP: 32/48 MP: 6/6
  1631 | D:2      | Reached ** piety under Trog
  1865 | D:2      | Found a shattered altar of Ashenzari.
  1944 | D:2      | Noticed Terence
  1948 | D:2      | Killed Terence
  2011 | D:2      | Noticed Natasha
  2013 | D:2      | Killed Natasha
  2013 | D:2      | Reached skill level 7 in Polearms
  2211 | D:2      | Noticed Natasha
  2225 | D:2      | Killed Natasha
  2769 | D:3      | Reached *** piety under Trog
  2769 | D:3      | Reached XP level 7. HP: 55/55 MP: 7/7
  2793 | D:3      | Found a shimmering altar of Xom.
  3081 | D:4      | Reached skill level 8 in Polearms
  3276 | D:4      | Found a sand-covered staircase.
  3433 | Ossuary  | Entered an ossuary
  3612 | Ossuary  | Reached skill level 5 in Fighting
  3621 | Ossuary  | Noticed miragecloak's ghost (novice OpTm)
  3629 | Ossuary  | Killed miragecloak's ghost
  3629 | Ossuary  | Reached skill level 9 in Polearms
  3629 | Ossuary  | Reached XP level 8. HP: 34/62 MP: 8/8
  3812 | Ossuary  | Reached skill level 10 in Polearms
  3942 | Ossuary  | Reached **** piety under Trog
  5156 | D:4      | Reached skill level 11 in Polearms
  5284 | D:5      | Entered Level 5 of the Dungeon
  5353 | D:5      | Noticed Menkaure
  5358 | D:5      | Killed Menkaure
  5450 | D:5      | Reached XP level 9. HP: 68/69 MP: 9/9
  5591 | D:5      | Found a burning altar of Makhleb.
  6006 | D:6      | Reached skill level 12 in Polearms
  6254 | D:6      | Noticed Edmund
  6261 | D:6      | Killed Edmund
  6346 | D:6      | Reached ***** piety under Trog
  7232 | D:7      | Reached skill level 13 in Polearms
  7507 | D:7      | HP: 2/71 [wight/enchanted trident (4)]
  7510 | D:7      | Slain by a wight

Skill      XL: |  1  2  3  4  5  6  7  8  9 |
---------------+----------------------------+-----
Polearms       | 5 6 7 9 11 13 | 13.4
Dodging        | 3 4 5 6 7 |  7.4
Fighting       | 4 5 6 |  6.8
Stealth        | 1 2 |  2.0
Armour         | 2 3 4 |  4.5

Action                   |  1- 3 |  4- 6 |  7- 9 || total
-------------------------+-------+-------+-------++-------
Melee: Spear             |    76 |    84 |       ||   160
       Scythe            |       |    66 |   418 ||   484
Invok: Berserk           |     2 |     6 |    10 ||    18
       Trog's Hand       |       |       |     1 ||     1
       Burn Spellbooks   |       |       |     1 ||     1
       Brothers in Arms  |       |       |     1 ||     1
  Use: Scroll            |     1 |     2 |     6 ||     9
       Potion            |       |       |     6 ||     6
 Stab: Sleeping          |     3 |     4 |     4 ||    11
  Eat: Bread ration      |     1 |     1 |     2 ||     4
       Royal jelly       |       |     1 |     3 ||     4
       Meat ration       |       |     1 |     2 ||     3
       Fruit             |       |       |     3 ||     3
Armor: Animal skin       |     3 |    12 |       ||    15
       Ring mail         |       |     2 |   161 ||   163
Dodge: Dodged            |    32 |    83 |   342 ||   457
